 Dungeon Crawl Stone Soup version 0.27.0-1-g7a089689b8 (webtiles) character file.

Game seed: 6959134965668967927

54 MisterFreud the Covered (level 3, -3/23 HPs)
             Began as a Gargoyle Fighter on Aug 1, 2021.
             Killed from afar by a white imp (7 damage)
             ... with a puff of frost
             ... summoned by Natasha
             ... on level 2 of the Dungeon.
             The game lasted 00:02:08 (1432 turns).

MisterFreud the Covered (Gargoyle Fighter)          Turns: 1432, Time: 00:02:09

Health: -3/23      AC: 10    Str: 20    XL:     3   Next: 91%
Magic:  3/3        EV:  7    Int:  8    God:
Gold:   77         SH:  9    Dex:  9    Spells: 2/2 levels left

rFire    . . .     SeeInvis .   a - +0 flail
rCold    . . .     Faith    .   c - +0 kite shield
rNeg     + . .     Spirit   .   b - +0 scale mail
rPois    ∞         Reflect  .   (no helmet)
rElec    +         Harm     .   (no cloak)
rCorr    .         Rampage  .   (no gloves)
Will     .....                  (no boots)
Stlth    ..........             (no amulet)
HPRegen  0.07/turn              (no ring)
MPRegen  0.08/turn              (no ring)

@: no status effects
A: sickness immunity, AC +3, negative energy resistance 1, electricity
resistance, torment resistance 1, petrification resistance
a: no special abilities


You were on level 2 of the Dungeon.
You visited 1 branch of the dungeon, and saw 2 of its levels.

You collected 77 gold pieces.

Inventory:

Hand Weapons
 a - a +0 flail (weapon)
Armour
 b - a +0 scale mail (worn)
 c - a +0 kite shield (worn)
Scrolls
 e - a scroll of fear {unknown}
 f - 2 scrolls of identify {unknown}
 h - a scroll of blinking {unknown}
Potions
 d - a potion of might
 g - a potion of curing {unknown}


   Skills:
 - Level 3.2 Fighting
 * Level 3.2 Maces & Flails
 + Level 3.8 Armour
 + Level 3.8 Shields


You had 2 spell levels left.
You didn't know any spells.
Your spell library was empty.

Dungeon Overview and Level Annotations

Branches:
Dungeon (2/15)

Altars:

Annotations:
D:2 Natasha


Innate Abilities, Weirdness & Mutations

You are immune to sickness and miasma.
Your stone body is resilient. (AC +3)
You are immune to poison.
You resist negative energy. (rN+)
You are resistant to electric shocks. (rElec)
You are resistant to unholy torment.
You are immune to petrification.


Message History

You block the crimson imp's attack. Natasha claws you but does no damage.
The crimson imp blinks!
You block Natasha's attack.
You closely miss Natasha.
Natasha is severely wounded.
Natasha claws you.
* * * LOW HITPOINT WARNING * * *
Unknown command.
You closely miss Natasha.
Natasha is severely wounded.
You block Natasha's attack. Natasha closely misses you.
You closely miss Natasha.
Natasha is severely wounded.
You block Natasha's attack. You block the crimson imp's attack.
You barely miss Natasha.
Natasha is severely wounded.
Natasha casts a spell at you. You resist with significant effort.
The crimson imp shouts, "Accept thy failure, thou dissembling beetle-headed beggar!"
You block the crimson imp's attack.
The crimson imp blinks!
Natasha wildly gestures.
Natasha glows brightly for a moment.
Natasha barely misses you.
You hit Natasha.
You kill Natasha!
Moaning pathetically, Natasha's spirit plunges into the ground.
The crimson imp disappears in a puff of smoke!
Your Maces & Flails skill increases to level 3!
You start resting.
Natasha, Servant of Life and Death comes into view.
Natasha is nearby!
Natasha casts a spell.
There is an open door here.
Natasha wildly gestures.
Natasha glows brightly for a moment.
Natasha mumbles some strange words.
Natasha stares at you and mumbles some strange words.
You resist with significant effort. The white imp gestures at you.
The puff of frost hits you!
You die...

#............#...##
+..................
######..................
#.............>.........
#.##..................≈≈
...#..##.....###....≈≈≈§≈≈.......
#..#..##.###.# #.≈≈≈≈≈≈≈§§≈......
#..#..##.# #.# #...≈≈≈≈≈§§§≈.....
####..##.# #.# #@..≈≈≈§≈§≈≈≈≈≈≈..
......# ..# #....≈≈≈≈≈≈≈≈≈....
######## #####.....≈≈≈≈≈≈......
#..........≈≈≈≈.....†.
#.##...h...≈≈≈≈.......
##....5..≈≈........
#...(5...≈........
#+###...............##
.............'........


You could see an iron imp (summoned), Natasha and a white imp (summoned).

Vanquished Creatures
  Natasha (D:2)
  A dart slug (D:1)
  5 endoplasms (D:1)
  2 giant cockroaches (D:1)
  4 goblins (D:1)
  A kobold (D:1)
  A quokka (D:1)
  5 ball pythons (D:1)
  3 bats (D:1)
  A frilled lizard (D:1)
  4 rats
28 creatures vanquished.

Vanquished Creatures (others)
  47 plants (D:1)
47 creatures vanquished.

Grand Total: 75 creatures vanquished

Notes
Turn   | Place    | Note
-------+----------+-------------------------------------------
     0 | D:1      | MisterFreud the Gargoyle Fighter began the quest for the
                  | Orb.
     0 | D:1      | Reached XP level 1. HP: 14/14 MP: 1/1
   477 | D:1      | Reached XP level 2. HP: 19/19 MP: 2/2
   926 | D:1      | Reached XP level 3. HP: 21/23 MP: 3/3
  1395 | D:2      | Noticed Natasha
  1410 | D:2      | Killed Natasha
  1414 | D:2      | Noticed Natasha
  1432 | D:2      | Killed from afar by a white imp

Illustrated notes

Levels and vault maps discovered:
D:1:      dpeg_arrival_tiny_a, layout_rooms, minmay_misc_feat_ornament,
          serial_bayou_lagoon_a, grunt_decor_arrowhead
D:2:      layout_basic, basic_ecumenical_altar, serial_shops,
          nicolae_diamond_shop, lemuel_old_faithful, uniq_natasha,
          uniq_crazy_yiuf_cottage

Skill      XL: |  1  2  3 |
---------------+----------+-----
Maces & Flails | 3 |  3.2
Fighting       | |  3.2
Armour         | |  3.8
Shields        | |  3.8

Action                   || total
-------------------------++-------
Melee: Flail             ||   103
Armor: Scale mail        ||    56
Dodge: Dodged            ||    34
Block: Kite shield       ||    53
